 Dungeon Crawl Stone Soup version 0.19.0-1-g5985abe (webtiles) character file.

303 varam the Digger (level 6, 0/32 HPs)
             Began as a Gargoyle Earth Elementalist on Nov 2, 2016.
             Killed from afar by an orc wizard (8 damage)
             ... with a puff of flame
             ... on level 4 of the Dungeon.
             The game lasted 00:08:47 (4033 turns).

varam the Digger (Gargoyle Earth Elementalist)      Turns: 4033, Time: 00:08:47

Health: 0/32       AC:  8    Str: 11    XL:     6   Next: 38%
Magic:  2/12       EV: 12    Int: 18    God:
Gold:   144        SH:  0    Dex: 10    Spells: 4 memorised, 2 levels left

rFire  . . .     SeeInvis .     (no weapon)
rCold  . . .     Gourm    .     c - +0 robe
rNeg   + . .     Faith    .     (no shield)
rPois  ∞         Spirit   .     (no helmet)
rElec  +         Reflect  .     (no cloak)
rCorr  .         Harm     .     t - +0 pair of gloves
MR     .....                    (no boots)
Stlth  ++........               (no amulet)
                                (no ring)
                                j - +1 ring of protection

@: no status effects
A: negative energy resistance 1, electricity resistance, unbreathing,
petrification resistance, rot immunity, AC +4
a: no special abilities


You were on level 4 of the Dungeon.
You were hungry.

You visited 1 branch of the dungeon, and saw 5 of its levels.

You collected 144 gold pieces.

Inventory:

Hand Weapons
 v - a +0 whip
Missiles
 b - 56 stones (quivered)
Armour
 c - a +0 robe (worn)
 t - a +0 pair of gloves (worn)
Jewellery
 j - a +1 ring of protection (left hand)
 q - an uncursed ring of resist corrosion {unknown}
Scrolls
 f - a scroll of enchant weapon {unknown}
 g - 2 scrolls of random uselessness {unknown}
 i - 2 scrolls of recharging {unknown}
 l - 4 scrolls of identify {unknown}
 m - 2 scrolls of teleportation {unknown}
 p - a scroll of blinking {unknown}
 r - a scroll of amnesia {unknown}
 u - a scroll of remove curse {unknown}
Potions
 a - 2 potions of degeneration {unknown}
 h - a potion of curing
 k - a potion of brilliance {unknown}
Books
 e - a book of Geomancy

   Spells                             Type                      Level
   a - Sandblast                      Earth                        1
   b - Passwall                       Transmutation/Earth          2
   c - Stone Arrow                    Conjuration/Earth            3
   d - Petrify                        Transmutation/Earth          4
   e - Lee's Rapid Deconstruction     Earth                        5
Comestibles
 d - a bread ration
 n - 2 meat rations
 o - a beef jerky
 s - 3 chunks of flesh


   Skills:
 - Level 1.5 Dodging
 - Level 2.1 Stealth
 * Level 4.3 Spellcasting
 + Level 3.5 Conjurations
 - Level 0.7 Transmutations
 + Level 5.0 Earth Magic


You had 2 spell levels left.
You knew the following spells:

 Your Spells              Type           Power        Failure   Level  Hunger
a - Sandblast             Erth           ###...       1%          1    None
b - Passwall              Tmut/Erth      ##........   10%         2    ##.....
c - Stone Arrow           Conj/Erth      ###...       10%         3    ###....
d - Lee's Rapid Deconstr  Erth           ###.......   54%         5    ######.


Dungeon Overview and Level Annotations

Branches:
Dungeon (5/15)
 Temple: D:4-7

Altars:
Hepliaklqana

Annotations:
D:4 Grinder


Innate Abilities, Weirdness & Mutations

You are resistant to torment.
Your stone body is resilient. (AC +4)
You are immune to poison.
You resist negative energy. (rN+)
You are resistant to electric shocks. (rElec)
You can survive without breathing.
You are immune to petrification.
You are immune to rotting.


Message History

The blast of sand hits the orc.
The orc is almost dead.
The orc closely misses you.
You hear some strange, mumbled words.
A puff of flame appears from out of thin air!
The puff of flame hits you!
Casting: Sandblast
Confirm with . or Enter, or press ? or * to list all spells.
Aiming: Sandblast
Press: ? - help, Shift-Dir - straight line, f/p - orc
Aim: an orc, wearing a leather armour (almost dead)
The blast of sand hits the orc.
You kill the orc!
Something hits you but does no damage.
You start resting.
Something hits you but does no damage.
You start resting.
You hear some strange, mumbled words.
A puff of flame appears from out of thin air!
The puff of flame hits you!
You die...

5........##..##.#
##.......##.....#
#.......##.>.###
#.......#..[.#
#.........#..#
########.##..#
#.###.# ..# #[#
.### #@# .# #...#
#.#..? #. ##...
.. ..... ... #..#
..# ... ..# ..


There were no monsters in sight!

Vanquished Creatures
  A hound (D:3)
  Ijyb (D:2)
  Natasha (D:2)
  3 orc wizards
  4 adders
  An ooze (D:2)
  A worm (D:2)
  A dart slug (D:2)
  2 leopard geckos
  6 orcs
  13 bats
  5 giant cockroaches
  15 goblins
  12 hobgoblins
  4 jackals (D:3)
  9 kobolds
  A quokka (D:4)
  3 ball pythons
  A leopard gecko skeleton (D:5)
  5 rats
89 creatures vanquished.

Notes
Turn   | Place    | Note
-------+----------+-------------------------------------------
     0 | D:1      | varam the Gargoyle Earth Elementalist began the quest for the Orb.
     0 | D:1      | Reached XP level 1. HP: 10/10 MP: 3/3
   413 | D:1      | Reached XP level 2. HP: 14/15 MP: 1/5
  1057 | D:1      | Reached skill level 3 in Spellcasting
  1057 | D:1      | Reached XP level 3. HP: 19/19 MP: 4/7
  1323 | D:1      | Reached skill level 4 in Earth Magic
  1328 | D:1      | Learned a level 3 spell: Stone Arrow
  1331 | D:1      | Learned a level 2 spell: Passwall
  1716 | D:2      | Noticed Ijyb
  1748 | D:2      | Killed Ijyb
  1748 | D:2      | Reached XP level 4. HP: 23/24 MP: 0/9
  2410 | D:2      | Found a faded altar of an unknown god.
  2410 | D:2      | Found a hazy altar of Hepliaklqana.
  2415 | D:2      | Found a faded altar of an unknown god.
  2417 | D:2      | Found a faded altar of an unknown god.
  2419 | D:2      | Found a faded altar of an unknown god.
  2597 | D:2      | Noticed Natasha
  2599 | D:2      | Killed Natasha
  2644 | D:2      | Reached skill level 4 in Spellcasting
  2644 | D:2      | Reached XP level 5. HP: 27/28 MP: 0/11
  2842 | D:2      | Learned a level 5 spell: Lee's Rapid Deconstruction
  3028 | D:3      | Reached skill level 5 in Earth Magic
  3152 | D:3      | Reached skill level 1 in Conjurations
  3309 | D:3      | Reached skill level 2 in Conjurations
  3647 | D:3      | Reached skill level 3 in Conjurations
  3647 | D:3      | Reached XP level 6. HP: 32/32 MP: 6/12
  3946 | D:4      | Noticed Grinder
  3962 | D:5      | Entered Level 5 of the Dungeon
  3962 | D:5      | Noticed a phantom
  4033 | D:4      | Killed from afar by an orc wizard

Skill      XL: |  1  2  3  4  5 |
---------------+----------------+-----
Spellcasting   | 3 4 |  4.3
Earth Magic    | 4 5 |  5.0
Conjurations   | 3 |  3.5
Dodging        | |  1.5
Stealth        | |  2.1
Transmutations | |  0.7

Action                   |  1- 3 |  4- 6 || total
-------------------------+-------+-------++-------
Melee: Unarmed           |    22 |     3 ||    25
 Cast: Sandblast         |    70 |    89 ||   159
       Stone Arrow       |       |    12 ||    12
  Eat: Chunk             |     3 |     7 ||    10
Armor: Robe              |    35 |    40 ||    75
Dodge: Dodged            |    50 |    61 ||   111
